 Seeded DCSS version 0.30.1-4-g462c640d31 (webtiles) character file.

Game seed: 5250533582392553559 (custom seed)

5265 Psyclone the Thaumaturge (level 10, 64/64 HPs)
             Began as a Deep Elf Conjurer on Sept 18, 2023.
             Was an Initiate of Gozag.
             Quit the game on level 6 of the Dungeon.
             The game lasted 00:24:38 (9627 turns).

Psyclone the Thaumaturge (Deep Elf Conjurer)        Turns: 9627, Time: 00:24:39

Health: 64/64      AC:  2    Str:  4    XL:     10   Next: 36%
Magic:  24/24      EV: 15    Int: 28    God:    Gozag
Gold:   229        SH:  5    Dex: 13    Spells: 16/25 levels left

rFire   + + +        a - +0 dagger (venom)
rCold   + . .        (no shield)
rNeg    + . .        R - +0 robe "Icodd" {rF++}
rPois   .            (no helmet)
rElec   .            P - scarf {rC+ rF+}
rCorr   .            (no gloves)
SInv    .            (no boots)
Will    +....        v - amulet of reflection
Stlth   ++           g - ring of positive energy
HPRegen 0.30/turn    y - +4 ring of slaying
MPRegen 0.19/turn

%: reflection
@: no status effects
A: no striking features
a: Renounce Religion, Potion Petition, Call Merchant, Bribe Branch


You were on level 6 of the Dungeon.
You worshipped Gozag.
Gozag was aware of your devotion.
You visited 2 branches of the dungeon, and saw 9 of its levels.

You collected 465 gold pieces.
You spent 142 gold pieces at shops.
You paid 94 gold pieces to Gozag.

Inventory:

Hand Weapons
 a - a +0 dagger of venom (weapon)
Missiles
 N - 2 curare-tipped darts
Armour
 r - a +0 cloak
 t - a +0 robe
 F - a scarf of shadows
 J - +0 steam dragon scales
 P - a scarf of resistance (worn)
 R - the +0 robe "Icodd" (worn) {rF++}
   (You found it on level 7 of the Dungeon)

   rF:        It greatly protects you from fire.
Magical Staves
 b - a staff of poison
 O - a staff of fire
Jewellery
 g - a ring of positive energy (left hand)
 l - a ring of ice
 v - an amulet of reflection (around neck)
 y - a +4 ring of slaying (right hand)
Wands
 D - a wand of light (3)
 H - a wand of paralysis (3)
 L - a wand of digging (4)
 Q - a wand of roots (8)
Scrolls
 c - 8 scrolls of identify {@r1}
 d - 5 scrolls of fear {unknown}
 e - a scroll of torment {unknown}
 f - a scroll of vulnerability {unknown}
 h - 3 scrolls of enchant armour {unknown}
 i - 2 scrolls of enchant weapon {unknown}
 k - 4 scrolls of magic mapping {unknown}
 q - a scroll of fog {unknown}
 w - a scroll of summoning {unknown}
 A - a scroll of teleportation
 C - a scroll of poison {unknown}
 E - a scroll of noise {unknown}
 M - a scroll of blinking
Potions
 j - 2 potions of invisibility {unknown}
 m - 4 potions of curing {unknown}
 n - 2 potions of magic
 o - 3 potions of mutation {unknown}
 p - 2 potions of ambrosia {unknown}
 s - a potion of attraction {unknown}
 u - 2 potions of might {unknown}
 x - 3 potions of brilliance {unknown}
 z - 2 potions of heal wounds {unknown}
 B - 2 potions of lignification {unknown}
 G - 2 potions of flight
 I - 2 potions of degeneration {unknown}
 K - a potion of resistance {unknown}


   Skills:
 - Level 8.0 Fighting
 - Level 8.0 Dodging
 - Level 2.4 Stealth
 + Level 8.1 Spellcasting
 - Level 8.0 Conjurations
 - Level 8.0 Hexes


You had 16 spell levels left.
You knew the following spells:

 Your Spells              Type           Power      Damage    Failure   Level
a - Magic Dart            Conj           100%       1d8       1%          1
b - Searing Ray           Conj           100%       2d8       1%          2
d - Fulminant Prism       Conj/Hex       27%        3d13      1%          4
q - Blink                 Tloc           22%        N/A       8%          2

Your spell library contained the following spells:

 Spells                   Type           Power      Damage    Failure   Level
 Dazzling Flash           Conj/Hex       100%       N/A       1%          3
 Portal Projectile        Hex/Tloc       66%        N/A       2%          3
 Apportation              Tloc           22%        N/A       4%          1
 Necrotise                Necr           44%        1d6       4%          1
 Summon Small Mammal      Summ           44%        N/A       4%          1
 Lesser Beckoning         Tloc           22%        N/A       8%          2
 Scorch                   Fire           22%        2d5       8%          2
 Flame Wave               Conj/Fire      33%        2d10      10%         4
 Iskenderun's Mystic Bla  Conj/Tloc      33%        2d8       10%         4
 Leda's Liquefaction      Hex/Erth       16%        N/A       10%         4
 Call Canine Familiar     Summ           11%        N/A       14%         3
 Gell's Gravitas          Tloc           11%        N/A       14%         3
 Teleport Other           Tloc           11%        N/A       14%         3
 Manifold Assault         Tloc           11%        N/A       43%         4
 Summon Cactus Giant      Summ           5%         N/A       100%        6
 Storm Form               Tmut/Air       5%         N/A       100%        7


Dungeon Overview and Level Annotations

Branches:
Dungeon (8/15) Zot: 25956  Temple (1/1) D:6 Zot: 5711
   Lair: D:8-11

Altars:
Ashenzari
Dithmenos
Elyvilon
Fedhas
Gozag
Hepliaklqana
Kikubaaqudgha
Nemelex Xobeh
Okawaru
Qazlal
Ru
Sif Muna
Uskayaw
Vehumet
Wu Jian
Xom
Yredelemnul
Zin

Shops:
D:1 :*   D:4 =[([

Annotations:
D:4 exclusion: downstairs


Message History

Press: ? - help, Shift-Dir - straight line, f - sky beast
Aim: a sky beast (76% to hit)
The searing ray hits the sky beast.
The sky beast is lightly wounded. (Press . to maintain the ray.)
The sky beast completely misses you.
You now have 15/24 mp.
The searing ray hits the sky beast!
The sky beast is severely wounded.
The sky beast hits you but does no damage.
You now have 14/24 mp.
The searing ray hits the sky beast!
You kill the sky beast!
Training target 8.0 for Fighting reached!
Your Fighting skill increases to level 8!
You need to enable at least one skill for training.
You now have 13/24 mp.
Found a stone staircase leading up.
Found 6 gold pieces.
Found 14 gold pieces.
The water moccasin hisses angrily.
A centaur comes into view.
The centaur shouts!
The centaur wields a +0 shortbow.
The centaur shoots an arrow.
The arrow closely misses you.
There is a stone staircase leading up here.
The centaur shoots an arrow.
You block the arrow with an invisible shield... and reflect it back!
The arrow hits the centaur!
You fly upwards.
Reactivating autopickup.
There is a stone staircase leading down here.
HP restored.
You are starting to lose your buoyancy.
You float gracefully downwards.
Magic restored.
Done exploring.
Health restored: 64; MP restored: 24 Done exploring.
Are you sure you want to abandon this character and quit the game? (Confirm with "yes".)

###.##.###'## ♣.♣♣♣
♣♣. )......##...##
♣.♣ ♣.♣
########.....# ♣♣.♣
♣♣♣♣♣.♣ .## ##......#
♣.♣♣ ♣.♣♣.♣♣
..####.......# ♣.♣
♣♣♣...♣♣
.....'.......# ♣♣.♣
♣♣...♣♣♣
..####.......# ♣♣.♣♣
♣....♣♣ .## ##......#
♣..♣ ♣.)...♣ ##
##.....# ♣@♣♣ ♣....♣♣
#########...## ♣♣♣
♣♣..♣.♣ .......###'##
♣♣♣♣♣♣ .#####.# #.#
## .#####.###.# ###
#. .#.........## #.#
#.
...###.##...#######.#
#. .###
#.#............# ##.
.# #.##...#########
#..


There were no monsters in sight!

Vanquished Creatures
  A two-headed ogre (D:8)
  Pikel (D:5)
  Maggie (D:6)
  Sigmund (D:4)
  A wyvern (D:8)
  A golden eye (shapeshifter) (D:8)
  Menkaure (D:6)
  4 steam dragons
  Edmund (D:6)
  3 sky beasts
  A water moccasin (D:6)
  4 black bears
  2 centaurs
  4 lemures (D:5)
  2 phantoms
  2 kobold brigands (D:6)
  A bullfrog (D:8)
  3 scorpions
  A gnoll sergeant (D:6)
  6 killer bees (D:6)
  A howler monkey (D:8)
  A jelly (D:8)
  2 gnoll boudas
  4 hounds
  4 orc priests
  A sleepcap (D:5)
  Crazy Yiuf (D:2)
  3 iguanas
  7 orc wizards
  10 adders
  4 gnolls (D:8)
  A shadow imp (D:7)
  An ufetubus (D:5)
  A worm (D:3)
  2 dart slugs
  18 orcs
  5 ball pythons
  10 endoplasms
  3 giant cockroaches (D:1)
  6 hobgoblins
  4 jackals (D:1)
  3 quokkas
  9 bats
  3 frilled lizards
  6 goblins
  17 kobolds
  7 rats
  A spectral orc (D:3)
  A fulminant prism (D:6)
177 creatures vanquished.

Vanquished Creatures (others)
  2 kobold brigands
  An orc wizard (D:6)
  15 fulminant prisms
18 creatures vanquished.

Grand Total: 195 creatures vanquished

Notes
Turn   | Place    | Note
-------+----------+-------------------------------------------
     0 | D:1      | Psyclone the Deep Elf Conjurer began the quest for the Orb.
     0 | D:1      | Reached XP level 1. HP: 10/10 MP: 6/6
   279 | D:1      | Found Syurgheu's Book Shoppe.
   412 | D:1      | Reached XP level 2. HP: 15/15 MP: 5/8
   470 | D:1      | Found Sugreud's Assorted Antiques.
   522 | D:1      | Reached skill level 5 in Conjurations
   654 | D:1      | Learned a level 2 spell: Searing Ray
  1288 | D:2      | Reached XP level 3. HP: 19/19 MP: 6/9
  1854 | D:2      | Reached XP level 4. HP: 24/24 MP: 6/10
  2288 | D:2      | Found a runed translucent door.
  2289 | D:2      | Noticed Crazy Yiuf
  2295 | D:2      | Killed Crazy Yiuf
  2520 | D:2      | Learned a level 4 spell: Fulminant Prism
  2540 | D:3      | Found a blossoming altar of Fedhas.
  2561 | D:3      | Reached skill level 1 in Hexes
  2829 | D:3      | Found a faded altar of an unknown god.
  2919 | D:3      | Reached XP level 5. HP: 28/28 MP: 6/11
  3036 | D:3      | Found a basalt altar of Yredelemnul.
  3288 | D:3      | Found an ancient bone altar of Kikubaaqudgha.
  3610 | D:4      | Found Muulidac's Antique Armour Shoppe.
  3657 | D:4      | Found Tyr Yca's Jewellery Emporium.
  3837 | D:4      | Found Monit's Weapon Shop.
  3837 | D:4      | Noticed Sigmund
  3887 | D:4      | Killed Sigmund
  3888 | D:4      | Reached skill level 5 in Hexes
  3888 | D:4      | Reached XP level 6. HP: 32/32 MP: 4/12
  4338 | D:4      | Found Fanofrokh's Armour Shoppe.
  4416 | D:5      | Entered Level 5 of the Dungeon
  4557 | D:5      | Found a glowing silver altar of Zin.
  4578 | D:5      | Found a sparkling altar of Nemelex Xobeh.
  4752 | D:5      | Reached XP level 7. HP: 29/36 MP: 13/13
  4965 | D:5      | Found a shimmering altar of Xom.
  4968 | D:5      | Found a shadowy altar of Dithmenos.
  4969 | D:5      | Found a sacrificial altar of Ru.
  5513 | D:5      | Noticed Pikel
  5539 | D:5      | Killed Pikel
  5540 | D:5      | Reached XP level 8. HP: 41/41 MP: 0/21
  5911 | D:6      | Noticed Maggie
  5920 | D:6      | Killed Maggie
  5921 | D:6      | Reached skill level 5 in Dodging
  6201 | D:6      | Reached XP level 9. HP: 35/45 MP: 17/23
  6556 | D:6      | Reached skill level 1 in Fighting
  6908 | D:6      | Noticed Menkaure
  6913 | D:6      | Killed Menkaure
  7412 | D:6      | Found a staircase to the Ecumenical Temple.
  7416 | D:6      | Noticed Edmund
  7436 | D:6      | Killed Edmund
  7437 | D:6      | Reached skill level 5 in Fighting
  7441 | Temple   | Entered the Ecumenical Temple
  7704 | Temple   | Became a worshipper of Gozag Ym Sagoz the Greedy
  8434 | D:1      | Bought a scroll labelled PAULLO EMIORR for 29 gold pieces
  8434 | D:1      | Bought a scroll labelled PAULLO EMIORR for 29 gold pieces
  8434 | D:1      | Bought 2 scrolls labelled UTADEU NYOPNUU for 58 gold pieces
  8434 | D:1      | Bought a fuming dark potion for 26 gold pieces
  9067 | D:8      | Learned a level 2 spell: Blink
  9076 | D:8      | Reached XP level 10. HP: 61/61 MP: 19/24
  9125 | D:8      | Found a white marble altar of Elyvilon.
  9144 | D:8      | Noticed a two-headed ogre
  9162 | D:8      | Killed a two-headed ogre
  9404 | D:7      | Identified the +0 robe "Icodd" {rF++}
  9536 | D:7      | Found a radiant altar of Vehumet.
  9627 | D:6      | Quit the game

Illustrated notes

Levels and vault maps discovered:
D:1:      minmay_arrival_split_and_join, layout_loops_corners, serial_shops,
          nicolae_shop_overgrown_old_shop, shop, roderic_roman_lattice
D:2:      layout_basic, roderic_serpentine_path, kennysheep_generic_room_16,
          uniq_crazy_yiuf_cottage
D:3:      layout_basic, grunt_temple_overflow_growth_and_decay,
          yredelemnul_forgotten_temple_becter,
          ebering_ecumenical_altar_abandoned
D:4:      layout_gridville, serial_shops, nicolae_shop_tiny_statue_garden, shop,
          shop_statue, shop, chequers_serial_rivers_micro_c,
          minmay_misc_feat_secret_circle, uniq_sigmund
D:5:      layout_rooms, nicolae_overflow_hidden_temple, minitemple,
          nemelex_xobeh_ov_fountains_minmay, uniq_pikel
D:6:      kb_forest_paths, layout_loops_corners,
          minmay_temple_entry_statues_pillars, due_unseen_surprise, uniq_edmund,
          uniq_menkaure, uniq_maggie
D:7:      layout_cave_pools, mainiacjoe_overflow_concentric_impassable
D:8:      layout_cave_pools, elyvilon_altar_1, palyth_stone_intersect,
          minmay_misc_feat_pillars, minivault_1, hangedman_decor_clover_reticule
Temple:   nicolae_temple_bog_church

Skill      XL: |  1  2  3  4  5  6  7  8  9 10 |
---------------+-------------------------------+-----
Conjurations   | 5 6 7 8 |  8.0
Hexes          | 1 5 6 8 |  8.0
Spellcasting   | 7 8 |  8.1
Dodging        | 7 8 |  8.0
Fighting       | 6 8 |  8.0
Stealth        | |  2.4

Action                     |  1- 3 |  4- 6 |  7- 9 | 10-12 || total
---------------------------+-------+-------+-------+-------++-------
  Melee: Unarmed           |     6 |       |       |       ||     6
         Dagger            |       |     3 |    10 |       ||    13
   Cast: Magic Dart        |    63 |    92 |    88 |    25 ||   268
         Searing Ray       |       |     6 |    47 |    14 ||    67
         Fulminant Prism   |       |       |    15 |     1 ||    16
    Use: Scroll            |       |       |     1 |     3 ||     4
         Potion            |       |       |       |     1 ||     1
 Armour: Robe              |     5 |     3 |       |     1 ||     9
         Steam dragon scal |       |       |    18 |     3 ||    21
  Dodge: Dodged            |    27 |     5 |    52 |    16 ||   100
  Block: Other             |       |     2 |    27 |     4 ||    33
         Reflection        |       |       |     3 |     1 ||     4
